 Dungeon Crawl Stone Soup version 0.21-a0-264-g3e31e41 (webtiles) character file.

161 Blomdor the Skirmisher (level 5, -1/44 HPs)
             Began as a Barachi Wizard on Sept 9, 2017.
             Slain by an orc
             ... wielding a +2 whip of electrocution
              (18 damage)
             ... on level 3 of the Dungeon.
             The game lasted 00:05:38 (3456 turns).

Blomdor the Skirmisher (Barachi Wizard)             Turns: 3456, Time: 00:05:39

Health: -1/44      AC:  6    Str:  9    XL:     5   Next: 42%
Magic:  5/9        EV: 12    Int: 18    God:
Gold:   116        SH:  0    Dex: 11    Spells: 3/10 levels left

rFire    . . .     SeeInvis .   f - +0 short sword
rCold    . . .     Gourm    .   (no shield)
rNeg     . . .     Faith    .   a - +0 robe
rPois    .         Spirit   .   h - +0 helmet
rElec    .         Reflect  .   b - +1 cloak
rCorr    .         Harm     .   p - +0 pair of gloves
MR       +....                  (no boots)
Stlth    ++........             (no amulet)
HPRegen  0.14/turn              l - ring of protection from magic
MPRegen  0.11/turn              (no ring)

@: slow
A: +LOS, swims, slowness 1, strong legs 1
a: Hop


You were on level 3 of the Dungeon.
You were not hungry.

You visited 1 branch of the dungeon, and saw 3 of its levels.

You collected 116 gold pieces.

Inventory:

Hand Weapons
 f - a +0 short sword (weapon)
Armour
 a - a +0 robe (worn)
 b - a +1 cloak (worn)
 e - a +0 scale mail
 h - a +0 helmet (worn)
 p - a +0 pair of gloves (worn)
Jewellery
 l - a ring of protection from magic (left hand)
Scrolls
 m - a scroll of teleportation
 o - a scroll of magic mapping
 q - a scroll of noise {unknown}
Potions
 k - a potion of flight
 n - a potion of haste
Books
 c - a book of Minor Magic

   Spells                             Type                      Level
   a - Magic Dart                     Conjuration                  1
   b - Blink                          Translocation                2
   c - Call Imp                       Summoning                    2
   d - Slow                           Hexes                        2
   e - Conjure Flame                  Conjuration/Fire             3
   f - Mephitic Cloud                 Conjuration/Poison/Air       3
Comestibles
 d - a bread ration
 g - 8 chunks of flesh
 i - 4 meat rations
 j - 4 fruits


   Skills:
 + Level 5.1 Fighting
 + Level 2.6 Armour
 - Level 2.1 Dodging
 - Level 1.7 Stealth
 - Level 3.2 Spellcasting
 - Level 1.1 Conjurations
   Level 1.2 Summonings
   Level 1.1 Translocations


You had 3 spell levels left.
You knew the following spells:

 Your Spells              Type           Power        Failure   Level  Hunger
a - Magic Dart            Conj           #...         10%         1    None
b - Mephitic Cloud        Conj/Pois/Air  #.......     38%         3    ###....
c - Conjure Flame         Conj/Fire      #.......     36%         3    ###....


Dungeon Overview and Level Annotations

Branches:
Dungeon (3/15)

Altars:
Ashenzari
Fedhas
Hepliaklqana
Makhleb
Qazlal
Zin


Innate Abilities, Weirdness & Mutations

Shadows flee at your approach. (+LOS)
You can swim through water.
You cover ground slowly.
You can hop short distances.


Message History

The magic dart hits the orc.
The orc is severely wounded.
The orc hits you with a whip of electrocution.
Casting: Magic Dart
Confirm with . or Enter, or press ? or * to list all spells.
Aiming: Magic Dart
Press: ? - help, Shift-Dir - straight line, f/p - orc
Aim: an orc, wielding a whip of electrocution and wearing a chain mail (severely wounded)
The magic dart hits the orc.
The orc is severely wounded.
The orc hits you with a whip of electrocution.
You are electrocuted!
You hit the orc but do no damage.
The orc is severely wounded.
The orc hits you with a whip of electrocution.
You hit the orc.
The orc is almost dead.
The orc hits you with a whip of electrocution!
You are electrocuted!
You die...

########## #≈≈≈≈≈≈≈≈#######
#≈≈≈..≈≈≈#.....# #####
###≈≈#.##≈≈#.....# #...#
#.'...#.#.≈#.....# #...#
#.)..#.#..≈#.....# #...#
#.#≈≈##.#≈≈#...... #...#
#@#≈≈≈..≈≈≈#....##
######...####o#≈≈≈≈≈≈≈≈#.#####
..............##########.....#
...........................>..
#####...######..######.......
##### ##.## #....... #..#
#.(..... ##.#####.#####.
#.)..##.# ##


You could see an orc.

Vanquished Creatures
  An orc wizard (D:3)
  7 adders
  An ooze (D:2)
  An adder skeleton (D:2)
  3 worms (D:2)
  A dart slug (D:1)
  3 orcs (D:3)
  A ball python (D:3)
  4 giant cockroaches
  7 hobgoblins
  6 kobolds
  10 bats
  4 frilled lizards
  4 goblins
  3 rats
56 creatures vanquished.

Notes
Turn   | Place    | Note
-------+----------+-------------------------------------------
     0 | D:1      | Blomdor the Barachi Wizard began the quest for the Orb.
     0 | D:1      | Reached XP level 1. HP: 13/13 MP: 4/4
    66 | D:1      | Reached skill level 1 in Fighting
   229 | D:1      | Reached XP level 2. HP: 18/22 MP: 6/6
   238 | D:1      | Reached skill level 2 in Fighting
  1127 | D:2      | HP: 1/23 [worm (7)]
  1130 | D:2      | Reached skill level 3 in Fighting
  1130 | D:2      | Reached XP level 3. HP: 2/29 MP: 7/7
  1429 | D:2      | Learned a level 3 spell: Mephitic Cloud
  1433 | D:2      | Learned a level 3 spell: Conjure Flame
  1654 | D:2      | Reached skill level 4 in Fighting
  2008 | D:2      | Reached XP level 4. HP: 4/38 MP: 0/8
  2475 | D:2      | Found a shattered altar of Ashenzari.
  2481 | D:2      | Found a hazy altar of Hepliaklqana.
  2554 | D:2      | Reached skill level 1 in Armour
  2716 | D:2      | Found a stormy altar of Qazlal.
  2716 | D:2      | Found a burning altar of Makhleb.
  2824 | D:2      | Found a glowing silver altar of Zin.
  2959 | D:3      | Found a blossoming altar of Fedhas.
  3079 | D:3      | Reached skill level 5 in Fighting
  3079 | D:3      | Reached XP level 5. HP: 17/44 MP: 5/9
  3456 | D:3      | Slain by an orc

Vault maps used:
D:1:      tarquinn_simple_flora_water_b
D:2:      gammafunk_temple_overflow_claw, amethyst_overflow_temple_binary
D:3:      nicolae_overflow_hidden_temple, kennysheep_generic_room_4,
          uniq_natasha

Skill      XL: |  1  2  3  4  5 |
---------------+----------------+-----
Fighting       | 1 3 4 5 |  5.1
Armour         | 1 2 |  2.6
Dodging        | |  2.1
Stealth        | |  1.7
Spellcasting   | |  3.2
Conjurations   | |  1.1
Summonings     | |  1.2
Translocations | |  1.1

Action                   |  1- 3 |  4- 6 || total
-------------------------+-------+-------++-------
Melee: Short sword       |   160 |   184 ||   344
       Unarmed           |    11 |       ||    11
 Cast: Magic Dart        |    15 |    13 ||    28
       Mephitic Cloud    |     2 |     2 ||     4
 Abil: Hop               |       |     1 ||     1
  Use: Scroll            |     2 |     3 ||     5
       Potion            |     3 |       ||     3
 Stab: Sleeping          |     4 |     1 ||     5
       Confused          |     2 |     2 ||     4
       Distracted        |       |     1 ||     1
  Eat: Chunk             |     4 |     6 ||    10
Armor: Robe              |    58 |    50 ||   108
       Scale mail        |       |    29 ||    29
Dodge: Dodged            |   119 |   133 ||   252

Table legend:
 A = Spawn XP
 B = Non-spawn XP
 C = Spawn XP percentage of total XP
 D = Spawn monster count
 E = Non-spawn monster count
 F = Spawn count percentage of total count
 G = Total turns spent on level
                    A         B        C        D         E        F      G
               +---------+---------+-------+---------+---------+-------+---------
         Total |       0 |     231 |   0.0 |       0 |      56 |   0.0 |  3456
               +---------+---------+-------+---------+---------+-------+---------
           D:1 |       0 |      26 |   0.0 |       0 |      16 |   0.0 |  1289
           D:2 |       0 |     119 |   0.0 |       0 |      27 |   0.0 |  1616
           D:3 |       0 |      86 |   0.0 |       0 |      13 |   0.0 |   551
               +---------+---------+-------+---------+---------+-------+---------
